Map: Frozen Temple

Players

Pokebunny

  • Race: Terran Terran
  • League: Grandmaster

Cauchy - Winner!

  • Race: Zerg Zerg
  • League: Grandmaster

VOD

Have the link to the VOD?

Description

Time

  • Played on: April 6, 2016, 4:54 p.m.
  • Length: 2:28
Show
View Real Time Build Order
Export as new Build Order

Pokebunny Terran 

Build Orders: Reaper Expand 

Get SALT Encoding   

  12  0:00  SCV  
  13  0:12  SCV  
  14  0:18  Supply Depot  
  14  0:24  SCV  
  15  0:40  Barracks, SCV  
  16  0:44  Refinery  
  16  0:52  SCV  
  18  1:04  SCV  
  18  1:16  SCV  
  19  1:28  Reaper  
  19  1:29  Orbital Command  
  20  1:39  Command Center  
  20  1:48  Supply Depot  
  20  1:55  SCV  
  20  2:00  Barracks Reactor  
  21  2:05  Barracks  
  21  2:07  SCV  
  21  2:15  Command Center  
Show
View Real Time Build Order
Export as new Build Order

Cauchy Zerg - Winner!

Build Orders: Pool Only 

Get SALT Encoding   

  12  0:01  Drone  
  13  0:10  Drone  
  14  0:15  Extractor  
  14  0:18  Drone  
  14  0:34  Spawning Pool  
  13  0:35  Drone  
  14  0:44  Extractor  
  14  0:46  Overlord  
  14  0:55  Extractor  
  14  0:56  Drone  
  15  1:22  Zergling x6  
  18  1:33  Queen  
  18  1:37  Zergling x2  
  21  1:45  Overlord  
  21  1:56  Evolution Chamber  
  21  1:58  Zergling x2  
  21  2:08  Zergling x2  
Tags
 
Add a new tag
Caveats
  • Supply blocks, unpowered buildings, or Contaminate may cause inaccurate times.
  • Supply counts are checked every 10 seconds.